 Dungeon Crawl Stone Soup version 0.22-a0-533-g4d20840 (webtiles) character file.

3 iamserjio the Charmwright (level 1, -1/11 HPs)
             Began as a Vine Stalker Skald on June 22, 2018.
             Killed by nerve-wracking pain
             ... invoked by Jessica
              (6 damage)
             ... on level 2 of the Dungeon.
             The game lasted 00:01:03 (129 turns).

iamserjio the Charmwright (Vine Stalker Skald)       Turns: 129, Time: 00:01:03

Health: -1/11      AC:  4    Str: 13    XL:     1   Next: 50%
Magic:  0/4        EV: 11    Int: 13    God:
Gold:   18         SH:  0    Dex: 13    Spells: 3/4 levels left

rFire    . . .     SeeInvis .   a - +0 hand axe
rCold    . . .     Gourm    .   (no shield)
rNeg     . . .     Faith    .   b - +0 leather armour
rPois    .         Spirit   +   (no helmet)
rElec    .         Reflect  .   (no cloak)
rCorr    .         Harm     .   (no gloves)
MR       .....                  h - +0 pair of boots
Stlth    +.........             (no amulet)
HPRegen  0.03/turn              (no ring)
MPRegen  0.09/turn              (no ring)

@: infused, very slightly contaminated
A: fangs 2, magic shield, antimagic bite, no potion heal 3, rot immunity
a: no special abilities


You were on level 2 of the Dungeon.
You were not hungry.

You visited 1 branch of the dungeon, and saw 2 of its levels.

You collected 18 gold pieces.

Inventory:

Hand Weapons
 a - a +0 hand axe (weapon)
Armour
 b - a +0 leather armour (worn)
 h - a +0 pair of boots (worn)
Scrolls
 c - a scroll of remove curse {unknown}
 e - a scroll of identify {unknown}
 f - a scroll of immolation {unknown}
Potions
 g - a potion of invisibility {unknown}
Comestibles
 d - a ration


   Skills:
 + Level 1.8 Fighting
 * Level 2.0 Axes
 - Level 0.7 Armour
 - Level 1.5 Dodging
 - Level 2.1 Spellcasting
 - Level 3.0 Charms


You had 3 spell levels left.
You knew the following spells:

 Your Spells              Type           Power        Failure   Level  Hunger
a - Infusion              Chrm           #...         10%         1    ##.....

Your spell library contained the following spells:

 Spells                   Type           Power        Failure   Level  Hunger
 Regeneration             Chrm/Necr      #.........   45%         3    ####...
 Shroud of Golubria       Chrm/Tloc      #.........   26%         2    ###....
 Song of Slaying          Chrm           #.......     14%         2    ###....
 Spectral Weapon          Hex/Chrm       #.......     45%         3    ####...


Dungeon Overview and Level Annotations

Branches:
Dungeon (2/15)

Altars:

Annotations:
D:2 Jessica


Innate Abilities, Weirdness & Mutations

You have extremely sharp teeth.
When hurt, damage is shared between your health and your magic reserves.
Your bite disrupts and absorbs the magic of your enemies.
Potions cannot restore your health.
You are immune to rotting.


Message History

You hit the kobold.
You kill the kobold!
A bat comes into view.
Things that are here:
a short sword; a kobold corpse Jessica the Apprentice Sorceress comes into view.
She is wielding a dagger.
The bat closely misses you. The bat hits you but does no damage.
A bat comes into view.
You closely miss the bat. You bite the bat, but do no damage.
The bat barely misses you. The bat hits you but does no damage.
Jessica gestures wildly while chanting.
Jessica seems to speed up.
The bat hits you but does no damage. The bat misses you.
You hit Jessica. Your bite misses Jessica.
Jessica is moderately wounded.
You closely miss the bat. The bat barely misses you.
Jessica gestures at you while chanting. Pain shoots through your body!
Ouch! That really hurt!
You die...

#...#####.....###...#
#....................
#...#####.....###....
##.#######.....# .
#..<.<......(###
#.<#########..# #..
#).# #..
######..####.# ...
#......@b....# ###.
#.#####.@##...# #.
..b.. .. #. ....##..
##.... .# #...## #
#...# #...#


You could see Jessica and 2 bats.

Vanquished Creatures
  A giant cockroach (D:1)
  A goblin (D:1)
  A kobold (D:2)
3 creatures vanquished.

Notes
Turn   | Place    | Note
-------+----------+-------------------------------------------
     0 | D:1      | iamserjio the Vine Stalker Skald began the quest for the Orb.
     0 | D:1      | Reached XP level 1. HP: 11/11 MP: 4/4
   126 | D:2      | Noticed Jessica
   129 | D:2      | Killed from afar by Jessica

Vault maps used:
D:1:      lightli_iron_boxes
D:2:      first_ration, uniq_jessica

Skill      XL: |  1 |
---------------+----+-----
Axes           | 2 |  2.0
Fighting       | |  1.8
Armour         | |  0.7
Dodging        | |  1.5
Spellcasting   | |  2.1
Charms         | |  3.0

Action                   || total
-------------------------++-------
Melee: Hand axe          ||    13
       Bite              ||     4
 Cast: Infusion          ||     1
Armor: Leather armour    ||     7
Dodge: Dodged            ||    14

Table legend:
 A = Spawn XP
 B = Non-spawn XP
 C = Spawn XP percentage of total XP
 D = Spawn monster count
 E = Non-spawn monster count
 F = Spawn count percentage of total count
 G = Total turns spent on level
                    A         B        C        D         E        F      G
               +---------+---------+-------+---------+---------+-------+---------
         Total |       0 |       5 |   0.0 |       0 |       3 |   0.0 |   129
               +---------+---------+-------+---------+---------+-------+---------
           D:1 |       0 |       4 |   0.0 |       0 |       2 |   0.0 |    92
           D:2 |       0 |       1 |   0.0 |       0 |       1 |   0.0 |    37
               +---------+---------+-------+---------+---------+-------+---------
